 Dungeon Crawl Stone Soup version 0.27.0-1-g7a089689b8 (webtiles) character file.

Game seed: 14880536076114642073

93 Strat the Chopper (level 4, -2/42 HPs)
             Began as a Deep Dwarf Gladiator on Aug 8, 2021.
             Splashed by a jelly's acid (3 damage)
             ... on level 4 of the Dungeon.
             The game lasted 00:03:37 (1358 turns).

Strat the Chopper (Deep Dwarf Gladiator)            Turns: 1358, Time: 00:03:38

Health: -2/42      AC:  3    Str: 19    XL:     4   Next: 37%
Magic:  4/4        EV:  6    Int:  8    God:
Gold:   73         SH:  0    Dex: 14    Spells: 3/3 levels left

rFire    . . .     SeeInvis .   a - +0 war axe
rCold    . . .     Faith    .   (no shield)
rNeg     . . .     Spirit   .   l - +0 plate armour
rPois    .         Reflect  .   t - +0 helmet
rElec    .         Harm     .   (no cloak)
rCorr    .         Rampage  .   (no gloves)
Will     .....                  (no boots)
Stlth    ..........             (no amulet)
HPRegen  0.00/turn              (no ring)
MPRegen  0.09/turn              (no ring)

@: corroded
A: damage resistance, heal wounds, sense surroundings 1, no regeneration
a: Heal Wounds


You were on level 4 of the Dungeon.
You visited 1 branch of the dungeon, and saw 4 of its levels.

You collected 73 gold pieces.

Inventory:

Hand Weapons
 a - a +0 war axe (weapon)
 b - a +0 hunting sling
Missiles
 d - 3 throwing nets (quivered)
 f - 14 poisoned darts
 n - 45 sling bullets
 q - 8 javelins
 s - 45 stones
Armour
 c - a +0 helmet
 e - a +0 chain mail
 l - a +0 plate armour (worn)
 r - a +0 leather armour
 t - a +0 helmet (worn)
Jewellery
 m - an amulet of magic regeneration
Scrolls
 k - a scroll of magic mapping
Potions
 h - 2 potions of attraction
 i - 2 potions of berserk rage {unknown}
 o - a potion of mutation {unknown}


   Skills:
 + Level 3.2 Fighting
 + Level 4.6 Axes
 - Level 1.7 Throwing
 - Level 3.2 Dodging


You had 3 spell levels left.
You didn't know any spells.
Your spell library contained the following spells:

 Spells                   Type           Power      Damage    Failure   Level
 Animate Skeleton         Necr           0%         N/A       100%        1
 Apportation              Tloc           0%         N/A       100%        1
 Corona                   Hex            0%         N/A       100%        1
 Summon Small Mammal      Summ           0%         N/A       100%        1
 Ensorcelled Hibernation  Hex/Ice        0%         N/A       100%        2
 Spider Form              Tmut/Pois      0%         N/A       100%        3
 Shadow Creatures         Summ           N/A        N/A       100%        6


Dungeon Overview and Level Annotations

Branches:
Dungeon (4/15)
 Temple: D:4-7

Altars:


Innate Abilities, Weirdness & Mutations

You are resistant to damage.
You can heal yourself by infusing magical energy.
You passively map a small area around you.
You do not regenerate.


Message History

h - 2 potions of attraction
As you read the scroll labelled ABEWKU PEOSS, it crumbles to dust.
You feel aware of your surroundings.
It was a scroll of magic mapping.
As you read the scroll labelled RENI EPTIM, it crumbles to dust.
The scroll dissolves into smoke.
It was a scroll of fog.
Unknown command.
Found a stone staircase leading down.
There is a stone staircase leading down here.
n - 45 sling bullets (gained 19)
A hobgoblin comes into view.
The hobgoblin shouts!
A jelly comes into view.
The hobgoblin hits you.
* * * LOW HITPOINT WARNING * * *
Found 15 gold pieces.
You barely miss the hobgoblin.
The hobgoblin hits you but does no damage.
You barely miss the hobgoblin. You hit the jelly. The acid corrodes you!
Your hands burn!
* * * LOW HITPOINT WARNING * * *
The hobgoblin hits you. The jelly hits you but does no damage.
A goblin comes into view. It is wielding a +0 dagger.
The hobgoblin hits you but does no damage.
You barely miss the hobgoblin.
The goblin shouts!
You hit the jelly.
Your hands burn!
* * * LOW HITPOINT WARNING * * *
The jelly hits you but does no damage. The hobgoblin barely misses you.
Your plate armour prevents you from hitting the jelly.
The jelly is heavily wounded.
The jelly barely misses you. The jelly hits you. The acid corrodes you!
You are splashed with acid!
* * * LOW HITPOINT WARNING * * *
You hit the jelly.
Your hands burn!
* * * LOW HITPOINT WARNING * * *
The jelly is heavily wounded.
The jelly hits you.
You are splashed with acid.
* * * LOW HITPOINT WARNING * * *
You hit the jelly but do no damage.
Your hands burn!
You die...

***,***,,,,,..#**** #.#
**,** *#.####.# #.# ,,**
*#$....# #.# **,**
**,**#..# #.# ***,***,**
#..# #.# ***,,*,** #.g#
#§# ,,,,,,** #..# #§#
,,,,*** #..####### #§#
***** #.ggJ@...# #§#####
##.#####.## #§§§§§#
#........# #####§#
#######..###.###.#
#..##.#.##.# #....###.#.#
*********** ##.##.#>##.#
,,,,,,,,,,* **#####.###.#
*********,********,,,**#.#
#.#


You could see a jelly, a hobgoblin and a goblin.

Vanquished Creatures
  Robin (D:3)
  An adder (D:3)
  A worm (D:2)
  A dart slug (D:2)
  An orc (D:3)
  7 ball pythons
  5 endoplasms
  4 giant cockroaches
  13 goblins
  7 hobgoblins
  3 jackals (D:2)
  2 quokkas
  2 bats (D:2)
  3 frilled lizards
  3 kobolds (D:2)
  4 rats (D:2)
58 creatures vanquished.

Notes
Turn   | Place    | Note
-------+----------+-------------------------------------------
     0 | D:1      | Strat the Deep Dwarf Gladiator began the quest for the Orb.
     0 | D:1      | Reached XP level 1. HP: 19/19 MP: 1/1
   162 | D:1      | Reached XP level 2. HP: 23/26 MP: 2/2
   274 | D:1      | Found a faded altar of an unknown god.
   473 | D:2      | Reached skill level 4 in Axes
   565 | D:2      | Reached XP level 3. HP: 24/33 MP: 3/3
   972 | D:3      | Reached XP level 4. HP: 21/42 MP: 4/4
  1029 | D:3      | Noticed Robin
  1067 | D:3      | Killed Robin
  1357 | D:4      | HP: 1/42 [acid (3)]
  1358 | D:4      | Splashed by a jelly's acid

Illustrated notes

Levels and vault maps discovered:
D:1:      wander_arrival_desolate, layout_rooms,
          shapermc_ecumenical_altar_totnotflames
D:2:      layout_rooms, dk_noncrumbling_3, chequers_jeans
D:3:      layout_basic, gammafunk_temple_overflow_forgotten, minmay_circle_x,
          uniq_robin
D:4:      layout_loops_ring, gammafunk_ghost_nasty_kobolds

Skill      XL: |  1  2  3 |
---------------+----------+-----
Fighting       | 2 3 |  3.2
Axes           | 4 |  4.6
Throwing       | |  1.7
Dodging        | |  3.2

Action                   |  1- 3 |  4- 6 || total
-------------------------+-------+-------++-------
Melee: War axe           |   121 |    35 ||   156
  Use: Scroll            |       |     4 ||     4
Armor: Chain mail        |    76 |       ||    76
       Leather armour    |     2 |       ||     2
       Plate armour      |    22 |    30 ||    52
Dodge: Dodged            |    56 |    11 ||    67
